 Dungeon Crawl Stone Soup version 0.29.1-12-g30fa7ad0bf (webtiles) character file.

Game seed: 2589846988117981873

3348 xzight the Grappler (level 9, -6/92 HPs)
             Began as a Troll Fighter on Dec 27, 2022.
             Was an Initiate of Okawaru.
             Mangled by a hornet (9 damage)
             ... on level 8 of the Dungeon.
             The game lasted 00:14:08 (5067 turns).

xzight the Grappler (Troll Fighter)                 Turns: 5067, Time: 00:14:09

Health: -6/92      AC:  5    Str: 27 (30) XL:     9   Next: 72%
Magic:  9/9        EV:  9    Int:  3 (4)  God:    Okawaru [......]
Gold:   401        SH: 14    Dex: 13 (15) Spells: 8/8 levels left

rFire   + . .      SeeInvis +     - Unarmed
rCold   + . .      Faith    .   b - +0 kite shield
rNeg    . . .      Spirit   .   a - +0 robe
rPois   +          Reflect  +   (helmet restricted)
rElec   +          Harm     .   i - +0 cloak
rCorr   +          Rampage  .   (gloves unavailable)
Will    .....                   (boots unavailable)
Stlth   +.........              G - amulet of reflection
HPRegen 1.05/turn               D - +6 ring of dexterity
MPRegen 0.11/turn               v - ring of see invisible

@: brilliant, lethally poisoned (-6 -> -11), resistant, slowed, very slow
A: large, unfitting armour, claws 3, regeneration 1, shaggy fur 1, tough skin 1
a: Renounce Religion


You were on level 8 of the Dungeon.
You worshipped Okawaru.
Okawaru was noncommittal.
You visited 2 branches of the dungeon, and saw 9 of its levels.

You collected 401 gold pieces.


Innate Abilities, Weirdness & Mutations

You are too large for most types of armour.
You have claws for hands.
Your natural rate of healing is unusually fast.
You are covered in fur. (AC +1)
You have tough skin. (AC +1)


   Skills:
 + Level 6.5 Fighting
 + Level 4.9 Throwing
 - Level 2.4 Dodging
 - Level 6.0 Shields
 + Level 8.6 Unarmed Combat
 + Level 1.5 Invocations


You had 8 spell levels left.
You didn't know any spells.
Your spell library contained the following spells:

 Spells                   Type           Power      Damage    Failure   Level
 Beastly Appendage        Tmut           0%         N/A       78%         1
 Sandblast                Erth           0%         2d4       78%         1
 Passwall                 Tmut/Erth      0%         N/A       89%         2
 Wereblood                Tmut           0%         N/A       89%         2
 Confusing Touch          Hex            0%         N/A       98%         3
 Portal Projectile        Hex/Tloc       0%         N/A       98%         3
 Spider Form              Tmut/Pois      0%         N/A       98%         3
 Stone Arrow              Conj/Erth      0%         3d7       98%         3
 Leda's Liquefaction      Hex/Erth       0%         N/A       100%        4
 Olgreb's Toxic Radiance  Pois           0%         N/A       100%        4
 Yara's Violent Unravell  Hex/Tmut       0%         3d3       100%        5
 Enfeeble                 Hex            0%         N/A       100%        7
 Ozocubu's Refrigeration  Ice            0%         4d7       100%        7
 Ignition                 Fire           0%         3d3       100%        8
 Call Canine Familiar     Summ           Unusable   N/A       N/A         3

Inventory:

Missiles
 y - a throwing net {=f}
Armour
 a - a +0 robe (worn)
 b - a +0 kite shield (worn)
 i - a +0 cloak (worn)
Jewellery
 v - a ring of see invisible (right claw)
 D - a +6 ring of dexterity (left claw)
 G - an amulet of reflection (around neck)
Wands
 u - a wand of polymorph (6)
 z - a wand of acid (5)
 B - a wand of flame (30)
 I - a wand of mindburst (18)
Scrolls
 d - a scroll of fear {unknown}
 e - 2 scrolls of immolation {unknown}
 h - 3 scrolls of poison {unknown}
 o - a scroll of amnesia {unknown}
 p - 3 scrolls of identify {unknown}
 q - 3 scrolls of enchant weapon {unknown}
 r - 3 scrolls of noise {unknown}
 t - 3 scrolls of teleportation {@r2}
 w - 4 scrolls of magic mapping
 A - a scroll of vulnerability {unknown}
 C - a scroll of blinking {unknown}
 F - 2 scrolls of brand weapon {unknown}
 H - 3 scrolls of fog {unknown}
Potions
 c - 4 potions of might
 f - 3 potions of magic {unknown}
 g - a potion of curing {unknown}
 j - a potion of haste {unknown}
 k - a potion of flight {unknown}
 l - 3 potions of resistance
 m - 2 potions of mutation {unknown}
 n - a potion of heal wounds {unknown}
 s - 2 potions of degeneration
 x - a potion of cancellation {unknown}
 E - 6 potions of brilliance

Dungeon Overview and Level Annotations

Branches:
Dungeon (8/15)             Temple (1/1) D:4
   Lair: D:8-11

Altars:
Ashenzari
Cheibriados
Dithmenos
Elyvilon
Fedhas
Gozag
Kikubaaqudgha
Nemelex Xobeh
Okawaru
Qazlal
Ru
Sif Muna
Trog
Uskayaw
Wu Jian
Xom
Yredelemnul
Zin
The Shining One

Shops:
D:4

: ###.#....#
###..#.# ####.# #.#
#########.#
..........#
...>......#
.......)...########
.#######'#.@y......
#####.#
#.##########
......#
#.################
......#
##..#.............#
......#
#.........#####.###
##....#
#.PPPPPPP.....#.#
......#
#.........###.#.#
##.#..#
##.P.PPP.P...#.#.#
......#
#..P.....P...#.#.#


You could see a hornet.


Message History

You shrug off the repeated paralysis!
Unknown command.
Unknown command.
Unknown command.
Unknown command.
Unknown command.
Unknown command.
Unknown command.
Unknown command.
Unknown command.
Unknown command.
Unknown command.
Unknown command.
Unknown command.
Unknown command.
Unknown command.
Unknown command.
Unknown command.
It was a potion of resistance.
You feel protected.
* * * LOW HITPOINT WARNING * * *
You feel extremely sick. You block the hornet's attack. x2
It was a potion of degeneration.
There was something very wrong with that liquid.
You feel weakened.
You feel dopey.
You feel clumsy.
* * * LOW HITPOINT WARNING * * *
You feel very sick. The hornet stings you!
You die...

Skill      XL: |  1  2  3  4  5  6  7  8  9 |
---------------+----------------------------+-----
Unarmed Combat | 3 4 6 7 8 |  8.6
Shields        | 3 4 5 6 |  6.0
Fighting       | 3 4 5 6 |  6.5
Throwing       | 2 3 4 |  4.9
Invocations    | 1 |  1.5
Dodging        | |  2.4

Action                   |  1- 3 |  4- 6 |  7- 9 || total
-------------------------+-------+-------+-------++-------
Melee: Unarmed           |   119 |   149 |   201 ||   469
  Use: Scroll            |       |     2 |       ||     2
       Potion            |       |       |     3 ||     3
 Stab: Sleeping          |       |       |     2 ||     2
Armor: Robe              |    35 |    25 |    26 ||    86
Dodge: Dodged            |    30 |    29 |    38 ||    97
Block: Kite shield       |    27 |    49 |    84 ||   160
       Reflection        |       |       |     1 ||     1

Levels and vault maps discovered:
D:1:      dpeg_arrival_fog, layout_loops_ring,
          hellmonk_ecumenical_altar_watching_god,
          nicolae_concentric_dashed_squares_mild
D:2:      layout_rooms, wander_ebering_terrifying_dragon_lair
D:3:      layout_basic, marbit_many_paths, mainiacjoe_overflow_tiny_flanked,
          uniq_robin
D:4:      layout_cave_pools, mainiacjoe_overflow_boulevard,
          minmay_temple_entry_oklob, serial_shops, shop
D:5:      layout_rooms, kennysheep_mini_moat, mainiacjoe_overflow_swirl,
          nicolae_qazlal_scattered_showers, uniq_pikel
D:6:      nicolae_cairo_tiling, layout_basic, uniq_sigmund
D:7:      layout_loops_ring, okawaru_trees_1, uniq_menkaure
D:8:      minmay_razor_zed, layout_basic, mainiacjoe_overflow_24_doors,
          mainiacjoe_overflow_cross_hatched, kb_rosetta
Temple:   hellmonk_temple_micro_hex

Notes
Turn   | Place    | Note
-------+----------+-------------------------------------------
     0 | D:1      | xzight the Troll Fighter began the quest for the Orb.
     0 | D:1      | Reached XP level 1. HP: 22/22 MP: 0/0
   107 | D:1      | Reached XP level 2. HP: 29/29 MP: 1/1
   118 | D:1      | Noticed a golden eye
   127 | D:1      | Found a faded altar of an unknown god.
   129 | D:1      | Noticed an eye of devastation
   129 | D:1      | Noticed a shining eye
   129 | D:1      | Noticed a great orb of eyes
   189 | D:1      | Reached skill level 3 in Unarmed Combat
   794 | D:2      | Reached XP level 3. HP: 36/36 MP: 2/2
   912 | D:2      | Reached skill level 4 in Unarmed Combat
  1146 | D:2      | Reached XP level 4. HP: 44/44 MP: 3/3
  1386 | D:3      | Found a bloodstained altar of Trog.
  1405 | D:3      | Reached skill level 3 in Shields
  1747 | D:3      | Found a shimmering altar of Xom.
  1868 | D:3      | Noticed Robin
  1878 | D:3      | Killed Robin
  2063 | D:4      | Reached skill level 3 in Fighting
  2063 | D:4      | Reached XP level 5. HP: 51/53 MP: 4/4
  2068 | D:4      | Identified the +11 rapier "Tufriaj" {spect, Fly}
  2130 | D:4      | Found a staircase to the Ecumenical Temple.
  2146 | Temple   | Entered the Ecumenical Temple
  2270 | D:4      | Reached XP level 6. HP: 40/61 MP: 5/5
  2321 | D:4      | Found a sacrificial altar of Ru.
  2340 | D:4      | Found Atte's Book Shoppe.
  2540 | D:5      | Entered Level 5 of the Dungeon
  2577 | D:5      | Reached skill level 5 in Unarmed Combat
  2589 | D:5      | Reached skill level 4 in Shields
  2632 | D:5      | Found a stormy altar of Qazlal.
  2825 | D:5      | Reached skill level 4 in Fighting
  2837 | D:5      | Noticed a water moccasin
  2844 | D:5      | Killed a water moccasin
  2845 | D:5      | Reached skill level 6 in Unarmed Combat
  2845 | D:5      | Reached XP level 7. HP: 68/70 MP: 6/6
  2915 | D:5      | Noticed Pikel
  2925 | D:5      | Killed Pikel
  2926 | D:5      | Reached skill level 2 in Throwing
  2926 | D:5      | Reached XP level 8. HP: 67/79 MP: 7/7
  2938 | D:5      | Found a white marble altar of Elyvilon.
  3098 | D:5      | Reached skill level 5 in Fighting
  3098 | D:5      | Reached skill level 5 in Shields
  3098 | D:5      | Reached skill level 7 in Unarmed Combat
  3191 | D:5      | Found a shimmering blue altar of Sif Muna.
  3223 | D:5      | Found an ornate altar of the Wu Jian Council.
  3252 | D:5      | Reached skill level 3 in Throwing
  3536 | D:6      | Noticed Sigmund
  3547 | D:6      | Killed Sigmund
  3594 | D:6      | Reached XP level 9. HP: 79/88 MP: 8/8
  4050 | D:7      | Reached skill level 4 in Throwing
  4060 | D:7      | Reached skill level 6 in Shields
  4153 | D:7      | Reached skill level 8 in Unarmed Combat
  4202 | D:7      | Reached skill level 6 in Fighting
  4366 | D:7      | Found an iron altar of Okawaru.
  4377 | D:7      | Became a worshipper of Warmaster Okawaru
  4420 | D:7      | Noticed Menkaure
  4431 | D:7      | Killed Menkaure
  4451 | D:7      | Identified the +0 pair of gloves "Siecatuw" {Rampage Fly
                  | Regen+}
  4625 | D:8      | Found a glowing golden altar of the Shining One.
  4945 | D:8      | Reached skill level 1 in Invocations
  5062 | D:8      | Paralysed by a hornet for 3 turns
  5066 | D:8      | Identified 4 potions of resistance
  5066 | D:8      | HP: 7/92 [poisoned by a hornet]
  5067 | D:8      | HP: 3/92 [poisoned by a hornet]
  5067 | D:8      | Mangled by a hornet

Vanquished Creatures
  Pikel (D:5)
  Sigmund (D:6)
  2 steam dragons (D:8)
  Menkaure (D:7)
  2 water moccasins
  An ice beast (D:8)
  2 sky beasts (D:7)
  3 black bears
  A lemure (D:5)
  3 phantoms
  A bullfrog (D:6)
  4 necrophages (D:5)
  A gnoll sergeant (D:5)
  2 scorpions
  5 wights (D:7)
  An oklob sapling (D:4)
  2 hounds
  A jelly (D:6)
  3 orc priests
  4 orc wizards
  3 iguanas
  Robin (D:3)
  4 gnolls (D:5)
  6 adders
  A shadow imp (D:7)
  3 white imps
  3 worms
  2 dart slugs (D:4)
  16 orcs
  7 endoplasms
  2 giant cockroaches
  17 goblins
  7 hobgoblins
  8 jackals
  A quokka (D:1)
  5 ball pythons
  5 bats
  2 frilled lizards
  8 kobolds
  8 rats
150 creatures vanquished.

Vanquished Creatures (others)
  A kobold brigand (D:8)
  A plant (D:4)
2 creatures vanquished.

Grand Total: 152 creatures vanquished

Table legend: (Time is in decaauts)
 A = Elapsed time spent in this place.
 B = Non-inter-level travel time spent in this place.
 C = Inter-level travel time spent in this place.
 D = Time resting spent in this place.
 E = Time spent auto-exploring this place.
 F = Levels seen in this place.
 G = Mean time per level.
                   A        B        C        D        E       F      G
               +--------+--------+--------+--------+--------+-----+--------+
         Total |   5078 |   4899 |    179 |    217 |   3371 |   9 |  564.2 |
       Dungeon |   5077 |   4898 |    179 |    217 |   3371 |   8 |  634.6 |
        Temple |      1 |      1 |      0 |      0 |      0 |   1 |    1.0 |
               +--------+--------+--------+--------+--------+-----+--------+

Top non-repeatable levels by time:
     D:1: 789 daAuts
     D:5: 722 daAuts
     D:7: 711 daAuts
     D:3: 662 daAuts
     D:6: 605 daAuts
     D:2: 599 daAuts
     D:4: 522 daAuts
     D:8: 465 daAuts
  Temple: 1 daAuts

Table legend:
 A = Non-vault XP
 B = Vault XP
 C = Vault XP percentage of total XP
 D = Non-vault monster count
 E = Vault monster count
 F = Vault count percentage of total count
                 A         B        C        D         E       F
            +---------+---------+-------+---------+---------+-------
      Total |    3054 |    1729 |  36.1 |     126 |      24 |  16.0
            +---------+---------+-------+---------+---------+-------
        D:1 |      36 |       0 |   0.0 |      23 |       0 |   0.0
        D:2 |      93 |       1 |   1.1 |      22 |       1 |   4.3
        D:3 |      13 |      36 |  73.5 |       8 |      13 |  61.9
        D:4 |     154 |      65 |  29.7 |      17 |       1 |   5.6
        D:5 |    1164 |     593 |  33.8 |      24 |       1 |   4.0
        D:6 |     480 |     226 |  32.0 |      15 |       1 |   6.2
        D:7 |    1111 |     165 |  12.9 |      16 |       1 |   5.9
        D:8 |       3 |     643 |  99.5 |       1 |       6 |  85.7
            +---------+---------+-------+---------+---------+-------
